Map: 파라 사이트 - 래더

Players

Ragnarok (SHIN)

  • Race: Zerg Zerg
  • League: Grandmaster
  • Spawn Location: 11:00

GuMiho - Winner!

  • Race: Terran Terran
  • League: Grandmaster
  • Spawn Location: 5:00

Event: IEM Season 13 - Katowice Server Qualifiers Asia 1

VOD

Have the link to the VOD?

Description

Time

  • Played on: Jan. 14, 2019, 5:08 a.m.
  • Length: 16:43

All games in this series

Show
View Real Time Build Order
Export as new Build Order

Ragnarok Zerg 

Build Orders: Pool First 

Get SALT Encoding   

  12  0:00  Drone  
  13  0:12  Overlord  
  13  0:17  Drone  
  14  0:30  Drone  
  14  0:31  Drone  
  16  0:40  Spawning Pool  
  15  0:45  Drone  
  15  0:48  Drone  
  17  1:08  Hatchery  
  17  1:11  Drone  
  17  1:25  Extractor  
  16  1:27  Zergling x4  
  16  1:28  Zergling x2  
  16  1:32  Queen  
  19  1:39  Overlord  
  21  1:51  Drone  
  22  2:01  Drone  
  22  2:08  Queen  
  23  2:12  Drone  
  26  2:20  Queen  
  26  2:22  Drone x2  
  30  2:31  Drone  
  30  2:32  Drone  
  31  2:38  Metabolic Boost  
  31  2:41  Drone x2  
  31  2:42  Drone x2  
  34  2:45  Drone  
  35  2:52  Drone  
  35  2:58  Overlord  
  35  3:03  Drone  
  36  3:09  Overlord  
  36  3:16  Drone  
  36  3:19  Hatchery  
  36  3:22  Drone  
  37  3:27  Drone x2  
  37  3:28  Drone  
  37  3:29  Drone x4  
  37  3:32  Drone  
  45  3:37  Queen  
  45  3:40  Drone x2  
  49  3:42  Extractor  
  49  3:47  Roach Warren  
  47  3:56  Zergling x8  
  47  3:57  Zergling x2  
  47  4:00  Overlord  
  47  4:01  Overlord  
  52  4:04  Overlord  
  52  4:27  Roach x5  
  52  4:28  Drone x2  
  52  4:30  Queen, Drone  
  52  4:31  Lair  
  67  4:33  Drone  
  67  4:35  Roach  
  70  4:41  Drone  
  70  4:44  Spore Crawler  
  70  4:45  Spore Crawler  
  70  4:47  Spore Crawler  
  70  4:50  Drone x4  
  70  4:52  Drone  
  73  4:58  Overlord  
  73  5:02  Drone  
  73  5:03  Overlord  
  74  5:09  Evolution Chamber  
  74  5:10  Evolution Chamber  
  74  5:11  Overlord  
  74  5:12  Overlord  
  74  5:13  Drone  
  74  5:14  Drone  
  74  5:17  Overlord  
  74  5:18  Drone x2  
  74  5:20  Drone  
  77  5:22  Drone  
  77  5:26  Roach  
  77  5:27  Roach  
  77  5:28  Overseer  
  82  5:30  Glial Reconstitution  
  82  5:33  Extractor x2  
  82  5:34  Drone  
  82  5:35  Drone x2  
  83  5:38  Extractor, Overseer  
  83  5:39  Drone  
  83  5:42  Queen  
  85  5:45  Drone x2  
  85  5:49  Queen  
  85  5:52  Spore Crawler  
  86  5:57  Drone x3  
  86  5:58  Drone x3  
  86  6:02  Drone x3  
  92  6:15  Evolution Chamber, Drone x2  
  91  6:20  Overlord, Drone  
  91  6:21  Drone x3  
  91  6:23  Spire  
  94  6:28  Zerg Missile Weapons Level 1  
  94  6:29  Drone  
  94  6:31  Drone  
  94  6:32  Extractor  
  95  6:36  Queen  
  95  6:39  Drone x2  
  99  6:40  Drone x2  
  99  6:41  Drone x3  
  104  6:49  Overlord  
  98  6:58  Drone  
  98  6:59  Drone  
  98  7:00  Drone x5  
  96  7:01  Hatchery  
  96  7:03  Drone x2  
  96  7:07  Queen x2  
  96  7:08  Drone x3  
  99  7:23  Zerg Ground Armor Level 1  
  98  7:32  Spore Crawler  
  97  7:39  Overlord  
  97  7:40  Overlord x3  
  86  7:53  Mutalisk  
  86  7:54  Mutalisk x8  
  86  7:57  Roach  
  102  8:08  Roach x3  
  108  8:14  Roach x2  
  108  8:16  Roach x2  
  108  8:18  Roach x6  
  128  8:20  Overlord, Extractor  
  128  8:21  Roach x2  
  128  8:23  Extractor  
  128  8:26  Roach x2  
  134  8:30  Overlord  
  134  8:31  Roach  
  136  8:35  Drone  
  136  8:36  Zerg Missile Weapons Level 2  
  136  8:38  Roach  
  136  8:39  Roach x2  
  143  8:46  Overlord x2  
  143  8:47  Roach x2  
  147  8:50  Roach x2  
  147  8:52  Roach x3  
  147  8:53  Roach, Overlord  
  147  8:55  Overlord  
  157  8:58  Roach  
  157  9:00  Roach  
  157  9:06  Roach x3  
  157  9:07  Roach  
  149  9:12  Roach x3  
  141  9:20  Drone x2  
  141  9:23  Infestation Pit  
  136  9:26  Hydralisk Den, Drone x4  
  139  9:39  Drone x3  
  139  9:42  Spore Crawler  
  141  9:46  Zerg Flyer Weapons Level 1  
  141  9:49  Corruptor x4  
  149  9:56  Overlord, Corruptor  
  151  10:02  Corruptor  
  151  10:03  Corruptor  
  155  10:07  Corruptor  
  155  10:10  Corruptor  
  155  10:13  Corruptor  
  161  10:18  Corruptor  
  161  10:19  Corruptor  
  159  10:24  Corruptor  
  159  10:25  Corruptor  
  161  10:28  Corruptor  
  159  10:36  Hive  
  159  10:40  Overlord, Drone x3  
  159  10:41  Drone x2  
  161  10:45  Grooved Spines  
  161  10:47  Overlord  
  161  10:51  Overlord  
  161  10:58  Overlord x3  
  161  11:00  Queen  
  161  11:03  Queen  
  165  11:06  Queen  
  172  11:11  Ravager x9  
  172  11:12  Ravager  
  177  11:19  Hatchery  
  177  11:24  Roach  
  177  11:25  Roach x3  
  184  11:26  Ravager x2  
  184  11:37  Roach  
  184  11:38  Roach x7  
  198  11:46  Roach x6  
  196  11:55  Queen  
  196  11:57  Muscular Augments  
  198  12:15  Overlord  
  177  12:24  Viper x3  
  177  12:25  Viper  
  183  12:30  Zerg Missile Weapons Level 3  
  183  12:32  Drone x6  
  185  12:38  Hydralisk x5  
  185  12:43  Hydralisk x2  
  185  12:44  Hydralisk  
  183  12:45  Queen  
  183  12:47  Hydralisk, Drone  
  183  12:48  Hydralisk, Drone  
  183  12:51  Hydralisk  
  195  12:52  Extractor  
  195  12:53  Hydralisk  
  195  12:55  Hydralisk  
  195  12:57  Extractor  
  193  12:58  Hydralisk  
  193  13:00  Hydralisk  
  193  13:05  Evolution Chamber  
  190  13:06  Drone x2  
  190  13:07  Evolution Chamber, Hydralisk x3  
  190  13:08  Evolution Chamber  
  187  13:13  Hydralisk x3  
  187  13:16  Roach  
  187  13:17  Roach  
  187  13:18  Roach  
  196  13:20  Roach x2  
  196  13:26  Roach  
  193  13:29  Hydralisk  
  193  13:30  Roach x2, Hydralisk  
  193  13:31  Roach  
  200  13:35  Hydralisk  
  200  13:36  Roach x3  
  200  13:37  Roach  
  200  13:40  Hydralisk  
  200  13:41  Roach x3  
  197  13:42  Roach  
  197  13:48  Hydralisk x3  
  191  13:55  Hydralisk x2  
  191  13:56  Hydralisk x2  
  191  13:59  Drone x2  
  191  14:00  Drone  
  196  14:03  Hydralisk x2  
  196  14:09  Overseer  
  200  14:10  Overseer  
  200  14:25  Hatchery  
  200  14:28  Drone  
  200  14:29  Spore Crawler  
  200  14:31  Spore Crawler  
  198  14:40  Viper x2  
  198  14:41  Viper x2  
  198  14:43  Hydralisk  
  196  14:54  Hydralisk  
  196  14:56  Overlord x2  
  196  14:57  Overlord x2  
  198  15:04  Hydralisk x3  
  198  15:05  Roach x3  
  198  15:06  Hydralisk x2  
  198  15:07  Hydralisk x2  
  181  15:08  Roach  
  181  15:10  Hydralisk x2  
  181  15:12  Hydralisk  
  181  15:14  Hydralisk  
  176  15:15  Hydralisk  
  176  15:19  Hydralisk  
  168  15:21  Roach  
  168  15:23  Hydralisk  
  168  15:27  Hydralisk  
  168  15:35  Hydralisk x2  
  168  15:36  Hydralisk x2  
  168  15:39  Ravager  
  176  15:49  Hydralisk x4  
  174  16:06  Hydralisk x8  
  174  16:07  Hydralisk  
  168  16:12  Hydralisk  
  170  16:19  Hydralisk x4  
Show
View Real Time Build Order
Export as new Build Order

GuMiho Terran - Winner!

Build Orders: Command Center First (CC), Hellion Opening, Mech 

Get SALT Encoding   

  12  0:00  SCV  
  13  0:13  SCV  
  14  0:17  Supply Depot  
  14  0:25  SCV  
  15  0:39  SCV  
  16  0:51  SCV  
  17  0:59  Command Center  
  17  1:03  SCV  
  18  1:11  Barracks  
  18  1:17  Refinery  
  18  1:20  SCV  
  19  1:25  Refinery  
  19  1:32  SCV  
  20  1:44  SCV  
  21  1:58  Orbital Command  
  21  1:59  Reaper  
  22  2:10  Orbital Command  
  22  2:16  Factory  
  22  2:24  SCV  
  23  2:31  Barracks Reactor  
  23  2:36  SCV  
  23  2:37  SCV  
  25  2:48  SCV  
  25  2:59  SCV  
  25  3:00  SCV  
  27  3:07  Starport  
  27  3:11  SCV, Supply Depot  
  27  3:12  SCV, Hellion x2  
  33  3:14  Supply Depot  
  33  3:18  Barracks Tech Lab  
  33  3:23  SCV  
  33  3:24  SCV  
  35  3:33  Hellion x2  
  39  3:35  SCV  
  39  3:36  SCV  
  41  3:44  Fusion Core, Viking  
  41  3:47  SCV  
  44  3:49  SCV  
  44  3:50  Supply Depot  
  44  3:55  Hellion x2  
  49  3:58  Supply Depot  
  49  4:00  SCV  
  49  4:01  SCV  
  51  4:13  SCV x2  
  51  4:16  Hellion x2  
  57  4:23  Refinery x2  
  60  4:25  SCV  
  60  4:26  SCV  
  60  4:30  Supply Depot  
  62  4:33  Battlecruiser  
  65  4:39  SCV, Supply Depot  
  65  4:40  SCV  
  65  4:43  Hellion  
  69  4:52  Hellion  
  71  4:54  Weapon Refit, Supply Depot  
  71  4:55  SCV  
  71  4:56  SCV  
  73  5:08  SCV x2  
  73  5:13  Command Center  
  75  5:16  Barracks Tech Lab  
  75  5:20  SCV x2  
  77  5:32  SCV  
  77  5:33  SCV  
  79  5:36  Factory  
  79  5:38  Battlecruiser  
  85  5:44  SCV  
  85  5:45  SCV, Supply Depot  
  85  5:49  Barracks Tech Lab  
  87  5:53  Hellion x2  
  91  5:59  SCV x2  
  93  6:04  Supply Depot  
  93  6:05  Supply Depot  
  90  6:14  SCV x2, Hellion x2  
  96  6:18  Armory  
  99  6:26  Liberator, SCV x2, Siege Tank  
  99  6:31  Factory  
  101  6:38  SCV x2  
  103  6:45  Refinery  
  106  6:50  Refinery, SCV  
  106  6:51  SCV  
  106  6:56  Orbital Command  
  96  7:03  SCV x2  
  96  7:11  Siege Tank  
  96  7:12  Hellion x2  
  96  7:15  SCV x2  
  105  7:18  Engineering Bay  
  105  7:27  SCV x2  
  105  7:28  Siege Tank  
  110  7:33  Battlecruiser  
  103  7:39  SCV x2  
  103  7:40  SCV  
  100  7:45  Cyclone  
  100  7:47  Hellion x2  
  101  7:51  SCV x2  
  101  7:52  SCV  
  102  8:01  Terran Vehicle And Ship Armor Level 1  
  102  8:02  Armory, Factory x2  
  102  8:03  SCV  
  103  8:06  SCV x2  
  103  8:10  Missile Turret  
  105  8:16  Cyclone  
  105  8:17  Cyclone  
  105  8:19  Mag-Field Accelerator  
  111  8:20  SCV  
  111  8:21  SCV  
  111  8:22  Missile Turret, SCV  
  111  8:26  Supply Depot x2  
  114  8:28  Supply Depot  
  114  8:29  Hellion  
  114  8:30  Hellion  
  114  8:33  SCV x2  
  120  8:35  Command Center, SCV  
  120  8:40  Missile Turret  
  121  8:46  Factory Tech Lab, Missile Turret, Battlecruiser  
  121  8:47  Factory Tech Lab  
  124  8:59  SCV x3  
  124  9:04  Terran Ship Weapons Level 1  
  124  9:06  Cyclone  
  124  9:07  Hellion x2  
  124  9:09  Hellion  
  120  9:18  SCV  
  120  9:23  Cyclone x2  
  123  9:28  Hellion, Smart Servos  
  123  9:29  Hellion  
  123  9:30  Infernal Pre-Igniter, Cyclone  
  130  9:42  Supply Depot  
  130  9:44  Supply Depot  
  130  9:45  Supply Depot  
  130  9:50  Cyclone  
  133  9:55  Cyclone x2  
  139  10:06  Command Center  
  139  10:08  Command Center  
  139  10:16  Cyclone  
  142  10:22  Cyclone  
  142  10:27  Cyclone  
  148  10:32  Cyclone  
  151  10:47  Hellion x2  
  151  10:48  Cyclone  
  158  10:51  Planetary Fortress  
  158  10:54  Cyclone  
  158  10:56  Terran Vehicle And Ship Armor Level 2  
  161  10:59  Cyclone  
  161  11:01  Refinery  
  161  11:02  Terran Vehicle Weapons Level 1  
  164  11:04  Cyclone  
  164  11:06  Refinery  
  167  11:12  Missile Turret  
  167  11:13  Hellion  
  167  11:14  Hellion  
  167  11:15  Missile Turret  
  171  11:19  SCV x2  
  171  11:20  Orbital Command  
  171  11:21  Orbital Command  
  173  11:30  Cyclone x2  
  173  11:31  Hellion  
  181  11:35  Hellion  
  179  11:46  Cyclone  
  179  11:47  Hellion  
  179  11:53  Cyclone  
  179  11:56  Hellion  
  181  12:05  Cyclone x2  
  164  12:18  Cyclone  
  164  12:20  Banshee, Hellion x2  
  158  12:25  Cyclone  
  154  12:37  Cyclone x2  
  160  12:44  Hellion x2  
  160  12:50  Cyclone  
  160  12:51  Factory x3  
  165  12:57  Cyclone  
  167  13:06  Hellion x2  
  167  13:09  Cyclone x2  
  167  13:11  Battlecruiser  
  178  13:22  Cyclone  
  183  13:27  Hellion x2  
  183  13:29  Cyclone  
  183  13:33  Terran Vehicle And Ship Armor Level 3  
  180  13:34  Terran Vehicle Weapons Level 2  
  164  13:41  Cyclone  
  164  13:42  Command Center, Hellion  
  166  13:48  Hellion x2  
  166  13:54  Cyclone  
  171  14:01  Cyclone  
  171  14:02  Factory Tech Lab x2  
  174  14:03  Factory Reactor, Hellion  
  180  14:10  Hellion x2  
  180  14:13  Cyclone  
  183  14:24  Missile Turret, Cyclone  
  183  14:26  Hellion  
  183  14:27  Battlecruiser  
  183  14:28  Cyclone x2  
  191  14:41  Cyclone  
  162  14:45  Cyclone  
  162  14:47  Hellion x2  
  162  14:48  Cyclone  
  162  14:50  Hellion x2  
  174  14:56  Cyclone  
  177  15:00  Cyclone  
  177  15:01  Hellion  
  166  15:09  Hellion x2  
  166  15:12  Hellion x2  
  166  15:13  Cyclone  
  164  15:17  Cyclone  
  164  15:20  Cyclone  
  158  15:22  Cyclone  
  155  15:28  Hellion  
  155  15:30  Hellion x2  
  155  15:32  Cyclone  
  155  15:34  Hellion x2  
  165  15:42  Planetary Fortress  
  165  15:45  Cyclone  
  177  15:50  Hellion, Cyclone  
  177  15:51  Hellion  
  177  15:52  Hellion, Cyclone  
  177  15:53  Command Center  
  183  15:58  Hellion x2, Cyclone  
  183  16:03  SCV x4  
  185  16:04  Cyclone  
  187  16:11  Hellion  
  189  16:18  Hellion  

Tags
 
Add a new tag
Caveats
  • Supply blocks, unpowered buildings, or Contaminate may cause inaccurate times.
  • Supply counts are checked every 10 seconds.